 Dungeon Crawl Stone Soup version 0.22-a0-618-gd6a3efe (webtiles) character file.

4326 sking99 the Grappler (level 10, -1/96 HPs)
             Began as an Ogre Transmuter on July 13, 2018.
             Was an Initiate of Gozag.
             Slain by a gnoll
             ... wielding a +1 halberd of protection
              (10 damage)
             ... on level 8 of the Dungeon.
             The game lasted 00:24:29 (11716 turns).

sking99 the Grappler (Ogre Transmuter)             Turns: 11716, Time: 00:24:29

Health: -1/96      AC:  4    Str: 16    XL:     10   Next: 33%
Magic:  14/14      EV: 12    Int: 14    God:    Gozag
Gold:   842        SH:  0    Dex: 12    Spells: 10/15 levels left

rFire    . . .     SeeInvis .     - Unarmed
rCold    . . .     Gourm    .   (no shield)
rNeg     . . .     Faith    .   b - +0 robe
rPois    .         Spirit   .   (helmet restricted)
rElec    .         Reflect  .   k - +0 cloak
rCorr    +         Harm     .   (gloves unavailable)
MR       +....                  (boots unavailable)
Stlth    +.........             (no amulet)
HPRegen  0.26/turn              (no ring)
MPRegen  0.14/turn              u - ring of resist corrosion

@: lethally poisoned (-1 -> -3), very slightly contaminated
A: large, unfitting armour, tough skin 1
a: Potion Petition, Call Merchant, Bribe Branch, Renounce Religion


You were on level 8 of the Dungeon.
You worshipped Gozag.
Gozag was pleased with you.
You were not hungry.

You visited 2 branches of the dungeon, and saw 9 of its levels.

You collected 903 gold pieces.
You paid 61 gold pieces to Gozag.

Inventory:

Missiles
 a - 113 arrows
Armour
 b - a +0 robe (worn)
 k - a +0 cloak (worn)
Jewellery
 e - an uncursed ring of ice
 u - a ring of resist corrosion (right hand)
Wands
 o - a wand of digging (12)
 v - a wand of acid (9)
Scrolls
 l - 10 scrolls of identify
 n - 3 scrolls of remove curse
 q - 2 scrolls of immolation
 s - a scroll of fog
 x - a scroll of magic mapping
Potions
 c - 3 potions of heal wounds
 f - a potion of lignification {unknown}
 g - a potion of brilliance
 h - 6 potions of curing
 i - a potion of haste {unknown}
 m - a potion of ambrosia {unknown}
 p - 4 potions of might
 r - 2 potions of agility {unknown}
 t - a potion of flight {unknown}
Comestibles
 d - 10 rations


   Skills:
 + Level 5.3 Fighting
 - Level 6.0 Dodging
 * Level 10.7 Unarmed Combat
 - Level 3.0 Spellcasting
 - Level 5.0 Transmutations
 - Level 1.0 Poison Magic


You had 10 spell levels left.
You knew the following spells:

 Your Spells              Type           Power        Failure   Level  Hunger
b - Sticks to Snakes      Tmut           ###.....     4%          2    ##.....
c - Spider Form           Tmut/Pois      ##........   19%         3    ###....

Your spell library contained the following spells:

 Spells                   Type           Power        Failure   Level  Hunger
 Mephitic Cloud           Conj/Pois/Air  #.......     50%         3    ###....
 Venom Bolt               Conj/Pois      #.........   99%         5    ######.
 Olgreb's Toxic Radiance  Pois           #.......     80%         4    #####..
 Sting                    Conj/Pois      #...         17%         1    #......
 Blade Hands              Tmut           ###.......   58%         5    ######.
 Ice Form                 Ice/Tmut       #.......     58%         4    #####..
 Beastly Appendage        Tmut           ###...       2%          1    #......
 Poisonous Vapours        Pois/Air       #.....       26%         2    ##.....


Dungeon Overview and Level Annotations

Branches:
Dungeon (8/15)             Temple (1/1) D:5
   Lair: D:8-11

Altars:
Ashenzari
Cheibriados
Dithmenos
Elyvilon
Fedhas
Gozag
Hepliaklqana
Kikubaaqudgha
Makhleb
Nemelex Xobeh
Okawaru
Qazlal
Ru
Sif Muna
Trog
Uskayaw
Vehumet
Wu Jian
Xom
Yredelemnul
Zin
The Shining One

Shops:
D:4 %


Innate Abilities, Weirdness & Mutations

You are too large for most types of armour.
You have tough skin. (AC +1)


Message History

You feel sick.
You feel sick.
You feel sick.
You feel sick.
You feel sick.
You feel sick.
You feel sick.
You feel sick.
You feel sick.
You feel sick.
You feel sick.
You feel sick.
Items here: ))) [ a flail; a dagger; a robe; a short sword You feel sick.
There is a stone staircase leading up here.
The gnoll barely misses you.
The gnoll hits you from afar with a halberd of protection!
You die...
Your body crumbles into a pile of gold.

###### ########....##
#.@(...'.....# .
#g######.....#
p##g#######.[..#
..#g.)...##....#
#.#.####.##....# ###
.. #.#...##.##....#
#.. .. .##.#
#.#.#>...##....####.#
#.......#
#.#.#########.##.....
.. ..#..# #ยง#.#
#.#####.#


You could see a gnoll sergeant and 2 gnolls.

Vanquished Creatures
  A gargoyle (D:8)
  A hippogriff (D:8)
  2 water moccasins
  5 ice beasts
  An orc warrior (D:5)
  A phantom (D:4)
  2 black bears (D:6)
  5 ogres
  2 big kobolds
  A gnoll sergeant (D:3)
  A wyvern skeleton (D:8)
  4 scorpions
  3 crimson imps
  A howler monkey (D:6)
  A bullfrog zombie (D:8)
  2 gnoll shamans (D:3)
  2 hounds
  2 jellies
  12 orc wizards
  9 orc priests
  An iguana (D:5)
  6 worker ants
  2 hound skeletons
  A worker ant zombie (D:8)
  54 gnolls
  5 adders
  2 shadow imps
  An ooze (D:1)
  An adder zombie (D:8)
  2 worms
  2 dart slugs
  4 leopard geckos
  39 orcs
  13 giant cockroaches
  7 goblins
  A hobgoblin (D:1)
  24 jackals
  3 quokkas
  A ball python (D:1)
  A ball python skeleton (D:4)
  3 bats
  4 frilled lizards
  A jackal zombie (D:5)
  12 kobolds
  7 rats
255 creatures vanquished.

Vanquished Creatures (collateral kills)
  A jelly (D:5)
  A giant cockroach (D:3)
  2 jackals (D:3)
4 creatures vanquished.

Grand Total: 259 creatures vanquished

Notes
Turn   | Place    | Note
-------+----------+-------------------------------------------
     0 | D:1      | sking99 the Ogre Transmuter began the quest for the Orb.
     0 | D:1      | Reached XP level 1. HP: 19/19 MP: 3/3
    41 | D:1      | Reached skill level 3 in Unarmed Combat
    41 | D:1      | Reached XP level 2. HP: 12/28 MP: 5/5
   931 | D:1      | Learned a level 2 spell: Sticks to Snakes
   998 | D:1      | Reached XP level 3. HP: 18/36 MP: 6/6
  1407 | D:1      | Learned a level 3 spell: Spider Form
  2485 | D:3      | Reached XP level 4. HP: 43/44 MP: 7/7
  2837 | D:2      | HP: 2/45 [something/puff of flame (6)]
  2838 | D:2      | Reached skill level 4 in Unarmed Combat
  2838 | D:2      | Reached skill level 1 in Poison Magic
  3256 | D:3      | Reached XP level 5. HP: 45/53 MP: 5/8
  3726 | D:3      | Found an ancient bone altar of Kikubaaqudgha.
  3736 | D:3      | Found a white marble altar of Elyvilon.
  3929 | D:3      | Reached XP level 6. HP: 52/61 MP: 6/9
  4099 | D:3      | Reached skill level 5 in Unarmed Combat
  4562 | D:3      | Reached XP level 7. HP: 59/67 MP: 7/10
  4860 | D:3      | Reached skill level 6 in Unarmed Combat
  6150 | D:4      | Reached XP level 8. HP: 75/75 MP: 7/11
  6298 | D:4      | Found Pyluetoe's Food Emporium.
  6644 | D:3      | Reached skill level 7 in Unarmed Combat
  7328 | D:5      | Entered Level 5 of the Dungeon
  7372 | D:5      | Reached skill level 5 in Transmutations
  7640 | D:5      | Reached skill level 8 in Unarmed Combat
  7862 | D:5      | Found a staircase to the Ecumenical Temple.
  7884 | D:5      | Reached XP level 9. HP: 74/81 MP: 7/12
  7962 | Temple   | Entered the Ecumenical Temple
  8089 | Temple   | Became a worshipper of Gozag Ym Sagoz the Greedy
  8462 | D:6      | Found a bloodstained altar of Trog.
  8752 | D:6      | Reached skill level 9 in Unarmed Combat
  9039 | D:6      | Reached skill level 5 in Dodging
  9978 | D:7      | Found a shattered altar of Ashenzari.
 10049 | D:7      | Reached skill level 10 in Unarmed Combat
 10443 | D:7      | Reached XP level 10. HP: 78/92 MP: 8/13
 10930 | D:8      | Noticed a gargoyle
 10969 | D:8      | Killed a gargoyle
 10969 | D:8      | Reached skill level 5 in Fighting
 11716 | D:8      | Slain by a gnoll

Vault maps used:
D:1:      dpeg_arrival_tiny_b
D:3:      lemuel_castle_with_subvaults, amethyst_overflow_temple_binary
D:4:      serial_shops, shop, first_ration
D:5:      minmay_temple_entry_overgrown
D:6:      trog_ov_bears_minmay
D:7:      nicolae_ashenzari_panopticon, grunt_ogre_cave,
          kennysheep_decorative_pillar
D:8:      minmay_stone_trees_small, uniq_pikel
Temple:   compressed_dpeg_circular_temple

Skill      XL: |  1  2  3  4  5  6  7  8  9 10 |
---------------+-------------------------------+-----
Unarmed Combat | 3 4 5 6 8 10 | 10.7
Fighting       | 2 3 5 |  5.3
Transmutations | 2 3 4 5 |  5.0
Poison Magic   | 1 |  1.0
Dodging        | 2 4 5 6 |  6.0
Spellcasting   | 3 |  3.0

Action                   |  1- 3 |  4- 6 |  7- 9 | 10-12 || total
-------------------------+-------+-------+-------+-------++-------
Melee: Unarmed           |   170 |   217 |   452 |   102 ||   941
       Punch             |     1 |     4 |     3 |       ||     8
       Kick              |       |     4 |       |       ||     4
 Cast: Sticks to Snakes  |     2 |       |     2 |       ||     4
       Beastly Appendage |       |     2 |       |       ||     2
       Spider Form       |       |    15 |    64 |    13 ||    92
  Use: Scroll            |       |       |    11 |     3 ||    14
 Stab: Sleeping          |       |       |     3 |       ||     3
       Distracted        |       |       |       |     3 ||     3
  Eat: Chunk             |     5 |     9 |    18 |       ||    32
       Ration            |       |       |     3 |     2 ||     5
Armor: Robe              |    65 |    34 |    23 |     1 ||   123
       Skin              |       |     2 |    12 |     3 ||    17
Dodge: Dodged            |   112 |   187 |   334 |    73 ||   706

Table legend:
 A = Spawn XP
 B = Non-spawn XP
 C = Spawn XP percentage of total XP
 D = Spawn monster count
 E = Non-spawn monster count
 F = Spawn count percentage of total count
 G = Total turns spent on level
                    A         B        C        D         E        F      G
               +---------+---------+-------+---------+---------+-------+---------
         Total |       0 |    6180 |   0.0 |       0 |     259 |   0.0 | 11716
               +---------+---------+-------+---------+---------+-------+---------
           D:1 |       0 |      41 |   0.0 |       0 |      20 |   0.0 |  1408
           D:2 |       0 |      87 |   0.0 |       0 |      15 |   0.0 |  1959
           D:3 |       0 |    1076 |   0.0 |       0 |     103 |   0.0 |  3002
           D:4 |       0 |     466 |   0.0 |       0 |      14 |   0.0 |   959
           D:5 |       0 |     856 |   0.0 |       0 |      29 |   0.0 |  1139
           D:6 |       0 |    1310 |   0.0 |       0 |      26 |   0.0 |  1075
           D:7 |       0 |     973 |   0.0 |       0 |      28 |   0.0 |  1019
           D:8 |       0 |    1371 |   0.0 |       0 |      24 |   0.0 |  1011
               +---------+---------+-------+---------+---------+-------+---------
